Map: Odyssey LE

Players

SHreddedWInd - Winner!

  • Race: Protoss Protoss
  • League: Diamond
  • Spawn Location: 11:00

Yata

  • Race: Zerg Zerg
  • League: Platinum
  • Spawn Location: 5:00

VOD

Have the link to the VOD?

Description

Time

  • Played on: Oct. 28, 2017, 7:20 p.m.
  • Length: 8:18
Show
View Real Time Build Order
Export as new Build Order

SHreddedWInd Protoss - Winner!

Build Orders:  

Get SALT Encoding   

  12  0:01  Probe (Chrono Boost)  
  13  0:11  Probe (Chrono Boost)  
  14  0:22  Pylon, Probe (Chrono Boost)  
  15  0:40  Gateway, Probe (Chrono Boost)  
  16  0:46  Assimilator  
  16  0:50  Probe (Chrono Boost)  
  17  1:01  Probe (Chrono Boost)  
  18  1:14  Gateway, Probe (Chrono Boost)  
  19  1:25  Probe (Chrono Boost)  
  20  1:28  Cybernetics Core  
  20  1:32  Pylon, Assimilator  
  20  1:35  Probe (Chrono Boost)  
  21  1:49  Probe (Chrono Boost)  
  22  2:04  Warp Gate (Chrono Boost)  
  22  2:09  Nexus  
  22  2:13  Probe  
  23  2:18  Adept  
  25  2:24  Zealot  
  27  2:38  Probe  
  30  2:51  Adept  
  30  2:59  Pylon  
  30  3:00  Probe  
  31  3:12  Pylon  
  31  3:15  Twilight Council  
  31  3:16  Gateway  
  31  3:17  Zealot  
  33  3:23  Probe  
  33  3:25  Probe  
  35  3:34  Gateway, Probe  
  36  3:47  Probe  
  36  3:49  Probe  
  38  4:05  Charge (Chrono Boost)  
  38  4:06  Probe  
  39  4:11  Zealot x2, Forge  
  39  4:14  Probe  
  44  4:18  Probe  
  44  4:20  Pylon  
  44  4:23  Zealot  
  47  4:25  Probe  
  48  4:35  Probe  
  48  4:36  Probe  
  50  4:39  Sentry x3  
  56  4:46  Gateway, Probe  
  56  4:47  Probe  
  56  4:48  Protoss Ground Weapons Level 1 (Chrono Boost)  
  59  5:00  Probe  
  59  5:02  Probe  
  60  5:13  Probe  
  61  5:21  Zealot x4  
  66  5:35  Pylon  
  66  5:36  Pylon  
  66  5:38  Pylon  
  66  5:42  Zealot x2  
  66  5:48  Pylon  
  70  5:50  Pylon  
  70  5:51  Probe  
  69  5:57  Adept x2  
  69  5:58  Adept  
  69  6:02  Probe x2  
  77  6:08  Zealot x2  
  81  6:12  Assimilator, Probe  
  81  6:15  Assimilator  
  81  6:17  Adept  
  81  6:18  Adept  
  86  6:24  Adept, Probe  
  89  6:27  Probe  
  89  6:32  Zealot x2  
  94  6:34  Probe  
  94  6:39  Sentry  
  97  6:40  Sentry  
  99  6:48  Robotics Facility  
  99  6:58  Gateway  
  99  7:01  Gateway  
  99  7:04  Photon Cannon  
  99  7:09  Photon Cannon  
  85  8:08  Zealot x6  
  85  8:09  Zealot  
Show
View Real Time Build Order
Export as new Build Order

Yata Zerg 

Build Orders: Hatch First 

Get SALT Encoding   

  12  0:01  Drone  
  13  0:12  Overlord  
  13  0:18  Drone  
  14  0:30  Drone  
  14  0:31  Drone  
  14  0:34  Drone  
  17  0:56  Hatchery, Drone  
  17  0:59  Drone  
  18  1:10  Extractor  
  17  1:15  Spawning Pool  
  17  1:17  Drone  
  17  1:20  Drone  
  18  1:28  Drone  
  19  1:39  Overlord  
  19  1:49  Drone  
  20  1:54  Evolution Chamber  
  20  2:00  Drone  
  20  2:02  Queen  
  20  2:08  Overlord, Queen  
  24  2:19  Drone  
  24  2:21  Baneling Nest  
  24  2:22  Zergling x2  
  25  2:25  Zergling x2  
  26  2:44  Pneumatized Carapace  
  26  2:46  Drone x4  
  30  2:52  Drone  
  31  3:08  Zergling x6  
  33  3:37  Drone x3  
  33  3:38  Drone x4  
  33  3:40  Metabolic Boost  
  40  3:55  Zergling x8  
  43  3:56  Zergling x2  
  43  4:11  Overlord x4  
  43  4:19  Baneling x4  
  43  4:31  Drone x4  
  47  4:44  Hatchery  
  47  4:45  Drone x4  
  49  4:46  Drone x2  
  52  5:00  Zerg Melee Weapons Level 1  
  52  5:02  Drone  
  52  5:03  Drone x6  
  52  5:04  Drone  
  60  5:16  Zergling x4  
  61  5:28  Zergling x4  
  61  5:35  Drone x4  
  65  5:36  Drone x3  
  69  5:43  Lair  
  69  6:18  Hatchery  
  68  6:24  Queen  
  70  6:36  Zergling x24  
  70  6:39  Overlord x4  
  82  6:52  Hydralisk Den  
  82  6:54  Baneling  
  81  6:57  Extractor, Drone x3  
  81  7:00  Extractor, Drone x3  
  85  7:05  Baneling  
  85  7:07  Zergling x8  
  89  7:16  Baneling  
  89  7:33  Zergling x4  
  89  7:34  Zergling x18  
  72  7:50  Hydralisk  
Tags
 
Matchup
PvZ
Replay Pack
Pack 1
Spawn Locations
Cross Positions
Add a new tag
Caveats
  • Supply blocks, unpowered buildings, or Contaminate may cause inaccurate times.
  • Supply counts are checked every 10 seconds.